 Dungeon Crawl Stone Soup version 0.19.0-2-gae57169 (webtiles) character file.

1321 Monkfish the Slicer (level 8, -6/50 HPs)
             Began as a Kobold Berserker on Nov 4, 2016.
             Was a Believer of Trog.
             Killed from afar by an electric eel (11 damage)
             ... with a bolt of electricity
             ... on level 6 of the Dungeon.
             The game lasted 00:09:43 (4718 turns).

Monkfish the Slicer (Kobold Berserker)              Turns: 4718, Time: 00:09:44

Health: -6/50      AC:  5    Str: 14 (15) XL:     8   Next: 90%
Magic:  8/8        EV: 15    Int:  7 (8)  God:    Trog [**....]
Gold:   230        SH:  8    Dex: 16      Spells: 0 memorised, 7 levels left

rFire  . . .     SeeInvis .     a - +4 short sword
rCold  . . .     Gourm    .     b - +0 animal skin
rNeg   . . .     Faith    .     k - +2 buckler
rPois  .         Spirit   .     (helmet restricted)
rElec  .         Reflect  .     (no cloak)
rCorr  .         Harm     .     (no gloves)
MR     .....                    g - +0 pair of boots
Stlth  +++.......               (no amulet)
                                l - ring of flight
                                q - ring of loudness (curse)

@: no status effects
A: horns 1, icy blue scales 1, carnivore 3
a: Berserk, Trog's Hand, Burn Spellbooks, Renounce Religion, Evoke Flight


You were on level 6 of the Dungeon.
You worshipped Trog.
Trog was pleased with you.
You were not hungry.

You visited 2 branches of the dungeon, and saw 7 of its levels.

You collected 230 gold pieces.

Inventory:

Hand Weapons
 a - a +4 short sword (weapon)
Armour
 b - a +0 animal skin (worn)
 g - a +0 pair of boots (worn)
 k - a +2 buckler (worn)
Jewellery
 l - a ring of flight (right hand)
 q - a cursed ring of loudness (left hand)
Wands
 r - a wand of iceblast (7/15)
Scrolls
 d - 3 scrolls of teleportation
 i - a scroll of recharging
 m - 2 scrolls of identify
 o - a scroll of fog
 t - a scroll of remove curse
Potions
 e - 2 potions of haste
 h - a potion of heal wounds
 j - a potion of brilliance
 p - a potion of invisibility {unknown}
 s - 2 potions of curing
Comestibles
 c - a meat ration
 f - 2 slices of pizza
 n - a beef jerky


   Skills:
 + Level 5.5 Fighting
 + Level 9.1 Short Blades
 - Level 1.5 Armour
 - Level 2.7 Dodging
 + Level 7.2 Stealth
 * Level 3.4 Shields


You had 7 spell levels left.
You didn't know any spells.

Dungeon Overview and Level Annotations

Branches:
Dungeon (6/15)             Temple (1/1) D:5

Altars:
Ashenzari
Cheibriados
Dithmenos
Elyvilon
Fedhas
Gozag
Hepliaklqana
Kikubaaqudgha
Makhleb
Nemelex Xobeh
Okawaru
Qazlal
Ru
Sif Muna
Trog
Uskayaw
Vehumet
Xom
Yredelemnul
Zin
The Shining One

Shops:
D:6 [


Innate Abilities, Weirdness & Mutations

You are small and have problems with some larger weapons.
You are carnivorous and can eat meat at any time.
You have a pair of small horns on your head.
You are partially covered in icy blue scales. (AC +2)


Message History

There are no items here.
The electric eel shoots out a bolt of lightning at you!
The bolt of electricity hits you!
The electric eel shoots out a bolt of lightning at you!
The bolt of electricity hits you!
The electric eel shoots out a bolt of lightning at you!
The bolt of electricity hits you!
* * * LOW HITPOINT WARNING * * *
The electric eel shoots out a bolt of lightning at you!
The bolt of electricity hits you!
* * * LOW HITPOINT WARNING * * *
You hit the electric eel.
The electric eel is moderately wounded.
You puncture the electric eel! Your headbutt misses the electric eel.
The electric eel is almost dead.
You barely miss the electric eel. Your headbutt misses the electric eel.
The electric eel is almost dead.
The electric eel shoots out a bolt of lightning at you!
The bolt of electricity hits you!
You die...

.##.#.# ###.#.# ###.#.# #####
....#.# ## #≈≈≈≈# <.....#
#.###≈≈≈≈≈≈# .####.#
#....≈≈......... ......#
#.(.≈≈.......... .######
#..;....≈≈...... .#
#.@≈..≈≈..≈..... .#
##...≈≈....≈..... .#
#.......⌠≈≈.).... .#
#......≈≈⌠....... .#
#.....≈....≈≈...# .###
#.....≈.)≈≈..≈..#
...###########......≈≈....≈).#
..............).........≈≈....
........# #####........≈≈.....
#


You could see an electric eel.

Vanquished Creatures
  Menkaure (D:5)
  A phantom (D:4)
  A sky beast (D:5)
  A black bear (D:5)
  An ogre (D:3)
  A necrophage (D:6)
  2 bullfrogs
  2 scorpions (D:6)
  5 wights (D:6)
  A bullfrog zombie (D:6)
  A centaur zombie (D:6)
  A crimson imp (D:5)
  A bullfrog skeleton (D:5)
  An iguana (D:4)
  2 worker ants
  A worker ant zombie (D:6)
  A howler monkey zombie (D:5)
  3 adders
  2 dart slugs (D:1)
  5 leopard geckos
  2 orcs
  3 bats (D:2)
  8 giant cockroaches
  10 goblins
  10 hobgoblins
  2 quokkas
  2 ball pythons
  6 frilled lizards
  A jackal zombie (D:5)
  8 kobolds
  7 rats
93 creatures vanquished.

Notes
Turn   | Place    | Note
-------+----------+-------------------------------------------
     0 | D:1      | Monkfish the Kobold Berserker began the quest for the Orb.
     0 | D:1      | Reached XP level 1. HP: 14/14 MP: 1/1
   125 | D:1      | Reached skill level 1 in Stealth
   271 | D:1      | Reached XP level 2. HP: 10/19 MP: 2/2
   608 | D:1      | Reached XP level 3. HP: 16/23 MP: 3/3
  1286 | D:1      | Gained mutation: You have a pair of small horns on your head. [potion of mutation]
  1286 | D:1      | Gained mutation: You are partially covered in icy blue scales. (AC +2) [potion of mutation]
  1429 | D:2      | Reached ** piety under Trog
  1431 | D:2      | Reached XP level 4. HP: 29/29 MP: 4/4
  1503 | D:2      | Reached skill level 5 in Short Blades
  2593 | D:4      | Noticed a phantom
  2688 | D:4      | Reached XP level 5. HP: 6/33 MP: 5/5
  2694 | D:4      | Reached skill level 1 in Shields
  2718 | D:4      | Noticed a bullfrog
  2898 | D:4      | Noticed an ogre
  2913 | D:3      | Killed an ogre
  2913 | D:3      | Reached skill level 6 in Short Blades
  2913 | D:3      | Reached XP level 6. HP: 39/39 MP: 6/6
  2978 | D:4      | Killed a phantom
  3045 | D:4      | Found an iron altar of Okawaru.
  3361 | D:4      | Reached skill level 7 in Short Blades
  3361 | D:4      | Reached XP level 7. HP: 38/44 MP: 7/7
  3546 | D:5      | Entered Level 5 of the Dungeon
  3580 | D:5      | Found a staircase to the Ecumenical Temple.
  3752 | D:5      | Noticed Menkaure
  3759 | D:5      | Killed Menkaure
  3759 | D:5      | Reached skill level 5 in Fighting
  3759 | D:5      | Reached skill level 8 in Short Blades
  3759 | D:5      | Reached skill level 5 in Stealth
  3759 | D:5      | Reached XP level 8. HP: 39/49 MP: 8/8
  4254 | Temple   | Entered the Ecumenical Temple
  4439 | D:6      | Found Daczas's Armour Shop.
  4636 | D:6      | Reached skill level 9 in Short Blades
  4718 | D:6      | Killed from afar by an electric eel

Skill      XL: |  1  2  3  4  5  6  7  8 |
---------------+-------------------------+-----
Stealth        | 1 2 3 4 5 7 |  7.2
Short Blades   | 5 6 7 8 9 |  9.1
Fighting       | 4 5 |  5.5
Shields        | 1 2 3 |  3.4
Armour         | |  1.5
Dodging        | |  2.7

Action                   |  1- 3 |  4- 6 |  7- 9 || total
-------------------------+-------+-------+-------++-------
Melee: Short sword       |   139 |   128 |   104 ||   371
       Headbutt          |     2 |    21 |    19 ||    42
Invok: Berserk           |       |     3 |     3 ||     6
       Trog's Hand       |       |     2 |     3 ||     5
  Use: Scroll            |     3 |     7 |     7 ||    17
       Potion            |     2 |     5 |     2 ||     9
 Stab: Sleeping          |     3 |     5 |     7 ||    15
  Eat: Chunk             |     5 |    12 |     5 ||    22
Armor: Animal skin       |    14 |    16 |     6 ||    36
Dodge: Dodged            |    99 |    67 |    42 ||   208
Block: Buckler           |       |    11 |    17 ||    28
